 Dungeon Crawl Stone Soup version 0.28.0-53-g5a82cb258f (webtiles) character file.

Game seed: 7714470473600313078

237146 Robocop the Executioner (level 19, -8/184 HPs)
             Began as a Hill Orc Fighter on May 20, 2022.
             Was the Champion of Trog.
             Mangled by an acid blob (27 damage)
             ... on level 4 of the Pits of Slime on May 21, 2022.
             The game lasted 01:39:39 (32320 turns).

Robocop the Executioner (Hill Orc Fighter)         Turns: 32320, Time: 01:39:41

Health: -8/184     AC: 14    Str: 28    XL:     19   Next: 22%
Magic:  19/19      EV:  7    Int: 15    God:    Trog [******]
Gold:   3262       SH: 23    Dex: 19    Spells: 18/18 levels left

rFire   + . .      SeeInvis +   l - +6 war axe "Eggeys" {drain, Str-3 Int+5 Dex+6 SInv}
rCold   + . .      Faith    .   t - +2 kite shield
rNeg    . . .      Spirit   .   e - +9 scales of the Dragon King {rPois rF+ rC+ Will+}
rPois   +          Reflect  +   T - +1 helmet "Hepang" {Regen+ Int+3 Slay+3 Stlth-}
rElec   .          Harm     .   G - +2 cloak {rCorr}
rCorr   +          Rampage  .   g - +2 pair of gloves {Str+3}
Will    ++...                   N - +2 pair of boots
Stlth   ..........              i - amulet of reflection
HPRegen 1.20/turn               R - ring of the Sky {rPois Str+2 Slay+5}
MPRegen 0.16/turn               Q - ring of the Octopus King {Fly AC+1 EV+1 Str+1 Int+1 Dex+1}

@: corroded, flying
A: dopey 1, screaming 1
}: 2/15 runes: decaying, serpentine
a: Renounce Religion, Berserk, Trog's Hand, Brothers in Arms


You were on level 4 of the Pits of Slime.
You worshipped Trog.
Trog was exalted by your worship.
You visited 6 branches of the dungeon, and saw 35 of its levels.
You also visited: Bailey, Ice Cave and Volcano.

You collected 3262 gold pieces.

Inventory:

Hand Weapons
 f - a +6 broad axe of flaming
 l - the +6 war axe "Eggeys" (weapon) {drain, Str-3 Int+5 Dex+6 SInv}
   (You found it on level 11 of the Dungeon)

   A truly terrible weapon, it drains the life of any living foe it strikes.
   Str:       It affects your strength (-3).
   Int:       It affects your intelligence (+5).
   Dex:       It affects your dexterity (+6).
   SInv:      It lets you see invisible.
 D - the +9 spear "Galuitri" {elec, Int+3}
   (You found it on level 14 of the Dungeon)

   It occasionally discharges a powerful burst of electricity upon striking a
   foe.
   Int:       It affects your intelligence (+3).
 J - a +4 antimagic broad axe
 K - a +6 demon trident
 M - a +6 vorpal broad axe
 W - the +8 whip "Snakebite" {venom, curare, rPois}
   (You found it on level 3 of the Lair of Beasts)

   It poisons the flesh of those it strikes.
   It occasionally inflicts asphyxiating poison on those it strikes, dealing
   poison damage and causing slowness.
   rPois:     It protects you from poison.
Missiles
 c - a throwing net
 u - 6 atropa-tipped darts
 O - 49 poisoned darts
 P - 4 datura-tipped darts
Armour
 e - the +9 scales of the Dragon King (worn) {rPois rF+ rC+ Will+}
   (You found it on level 5 of the Lair of Beasts)

   rF:        It protects you from fire.
   rC:        It protects you from cold.
   rPois:     It protects you from poison.
   Will:      It increases your willpower.
 g - a +2 pair of gloves of strength (worn)
 h - the +6 plate armour of Dishonesty {Contam rN+ Int+6 SInv}
   (You found it on level 9 of the Dungeon)

   Int:       It affects your intelligence (+6).
   rN:        It protects you from negative energy.
   SInv:      It lets you see invisible.
   Contam:    It causes magical contamination when unequipped.
 o - the +5 ring mail of Pessimism {Rampage rPois Str-5}
   (You found it on level 3 of the Dungeon)

   Str:       It affects your strength (-5).
   rPois:     It protects you from poison.
   Rampage:   It bestows one free step when moving towards enemies.
 t - a +2 kite shield (worn)
 y - the +3 crystal plate armour of Somewhere Else {rPois Int-5 Dex+4}
   (You acquired it on level 6 of the Dungeon)

   Int:       It affects your intelligence (-5).
   Dex:       It affects your dexterity (+4).
   rPois:     It protects you from poison.
 G - a +2 cloak of preservation (worn)
 N - a +2 pair of boots (worn)
 T - the +1 helmet "Hepang" (worn) {Regen+ Int+3 Slay+3 Stlth-}
   (You acquired it on level 4 of the Lair of Beasts)

   Int:       It affects your intelligence (+3).
   Slay:      It affects your accuracy & damage with ranged weapons and melee
   (+3).
   Regen:     It increases your rate of health regeneration.
   Stlth:     It makes you less stealthy.
Jewellery
 i - an amulet of reflection (around neck)
 k - an amulet of regeneration
 C - a +6 ring of dexterity
 Q - a ring of the Octopus King (right hand) {Fly AC+1 EV+1 Str+1 Int+1 Dex+1}
   (You found it in an ice cave)

   [ring of flight]

   AC:        It affects your AC (+1).
   EV:        It affects your evasion (+1).
   Str:       It affects your strength (+1).
   Int:       It affects your intelligence (+1).
   Dex:       It affects your dexterity (+1).
   Fly:       It grants you flight.
 R - the ring of the Sky (left hand) {rPois Str+2 Slay+5}
   (You acquired it on level 13 of the Dungeon)

   [ring of poison resistance]

   Str:       It affects your strength (+2).
   Slay:      It affects your accuracy & damage with ranged weapons and melee
   (+5).
   rPois:     It protects you from poison.
 U - an amulet of the acrobat
Wands
 j - a wand of flame (76) (quivered)
 m - a wand of digging (8)
 v - a wand of polymorph (8)
 z - a wand of mindburst (9)
 E - a wand of iceblast (32)
 H - a wand of paralysis (15)
 X - a wand of acid (3)
Scrolls
 a - 4 scrolls of magic mapping
 q - 2 scrolls of identify
 r - 5 scrolls of fog
 w - 12 scrolls of teleportation
 A - 2 scrolls of blinking
 V - 3 scrolls of fear
 Y - a scroll of summoning
 Z - 2 scrolls of brand weapon
Potions
 b - 2 potions of heal wounds
 d - 9 potions of might
 n - 2 potions of cancellation
 p - 3 potions of curing
 s - 2 potions of invisibility
 x - 4 potions of flight
 B - 4 potions of haste
 F - 6 potions of lignification
 I - 3 potions of resistance
 S - 3 potions of ambrosia
Miscellaneous
 L - a piece from Xom's chessboard (15/15)


   Skills:
 + Level 19.7 Fighting
 + Level 24.5 Axes
 + Level 18.3 Armour
 + Level 20.7 Shields


You had 18 spell levels left.
You didn't know any spells.
Your spell library contained the following spells:

 Spells                   Type           Power      Damage    Failure   Level
 Beastly Appendage        Tmut           0%         N/A       99%         1
 Slow                     Hex            0%         N/A       99%         1
 Wereblood                Tmut           0%         N/A       100%        2
 Confusing Touch          Hex            0%         N/A       100%        3
 Gell's Gravitas          Tloc           0%         N/A       100%        3
 Lesser Beckoning         Tloc           0%         N/A       100%        3
 Spider Form              Tmut/Pois      0%         N/A       100%        3
 Teleport Other           Tloc           0%         N/A       100%        3
 Vampiric Draining        Necr           0%         2d6       100%        3


Dungeon Overview and Level Annotations

Branches:
Dungeon (15/15)            Temple (1/1) D:5            Lair (6/6) D:8
  Swamp (4/4) Lair:4        Snake (4/4) Lair:2        Slime (5/5) Lair:6
    Orc (0/2) D:11         Vaults (0/5) D:14         Bailey (visited)
  IceCv (visited)         Volcano (visited)
 Depths: D:15

Altars:
Ashenzari
Dithmenos
Fedhas
Makhleb
Nemelex Xobeh
Okawaru
Qazlal
Ru
Sif Muna
Trog
Uskayaw
Vehumet
Yredelemnul
Zin
The Shining One
Lugonu

Shops:
D:2 [   D:5 *   D:6 (   D:12 *=   Snake:3 *

Portals:
Abyss: D:4 Lair:6
Trove: D:13 (give 5 potions of resistance)


Innate Abilities, Weirdness & Mutations

You are dopey. (Int -2)
You occasionally shout uncontrollably at your foes.


Message History

An acid blob comes into view.
A rockslime comes into view.
You block the slime creature's attack.
Unknown command.
The rockslime quivers.
You hit the slime creature.
The slime creature is almost dead.
You hit the slime creature but do no damage.
The acid blob spits acid at you. The splash of acid hits you! You resist.
* * * LOW HITPOINT WARNING * * *
The acid corrodes you! You block the slime creature's attack.
The slime creature hits you but does no damage.
You slice the slime creature!!
You kill the slime creature!
Trog accepts your kill.
You hit the slime creature. The slime creature barely misses you.
The slime creature hits you but does no damage.
You block the acid blob's attack.
There is a stone staircase leading up here.
You block the slime creature's attack. The acid blob hits you!
* * * LOW HITPOINT WARNING * * *
The acid corrodes you!
You are splashed with acid.
You resist.
* * * LOW HITPOINT WARNING * * *
You fly upwards.
There is a stone staircase leading down here.
You slice the acid blob!! You drain the acid blob!
Your hands burn!
* * * LOW HITPOINT WARNING * * *
The acid blob is heavily wounded.
You hit the slime creature. You drain the slime creature.
You block the acid blob's attack.
The slime creature hits you but does no damage.
Unknown command.
You hit the acid blob but do no damage.
Your hands burn!
* * * LOW HITPOINT WARNING * * *
The acid blob is heavily wounded.
You slash the slime creature!
You kill the slime creature!
Trog accepts your kill. The acid blob hits you!!
You die...

### ### ###.###### ####.##
.#....##.####.#...#
..........#.......######## ##
......##.#..........##.#.##.##
......##.#......@............#
<.#.........#..<.J...........#
...........#................#.#
.......................#.......#
...................##.###..##.##
..................########## ##
..>................####.## ###
....................##...####..##
..........................##....#


You could see an acid blob (drained).

Vanquished Creatures
  Mara (Swamp:3)
  the Lernaean hydra (Swamp:4)
  The ghost of Venard the Devastator, an adept DgCj (Snake:4)
  7 acid blobs
  A rockslime (Slime:2)
  Roxanne (Snake:2)
  A fenstrider witch (Swamp:2)
  4 azure jellies
  6 nagarajas (Snake:4)
  Donald (Swamp:1)
  4 quicksilver oozes
  2 eleionomae
  3 bunyips
  The ghost of blade888 the Nimble, a journeyman DEFE of Vehumet (Lair:5)
  Josephine (Snake:1)
  3 great orbs of eyes
  4 vault guards
  Erolcha (D:9)
  27 hydras
  A salamander tyrant (Snake:4)
  13 naga warriors
  An ice dragon (IceCv)
  A death knight (D:14)
  4 centaur warriors
  A ghost crab (Swamp:4)
  11 anacondas
  6 alligators
  12 death yaks
  5 two-headed ogres
  6 shock serpents
  Urug (Lair:1)
  A hell knight (Volcano)
  11 naga sharpshooters
  Nergalle (D:10)
  3 thrashing horrors (Lair:6)
  2 salamander mystics
  9 goliath frogs
  A deep troll (D:15)
  A death drake (Swamp:1)
  7 naga ritualists
  2 bog bodies (Swamp:1)
  A lindwurm (Lair:4)
  2 necromancers (D:14)
  13 swamp dragons
  2 wizards (D:14)
  Pikel (D:6)
  9 mana vipers
  2 cyclopes (D:13)
  A deep elf pyromancer (D:13)
  The ghost of Artemis2 the Chiller, a novice MfIE (D:9)
  9 salamanders
  A shining eye (Slime:4)
  4 will-o-the-wisps
  A manticore (D:13)
  2 large abominations (Lair:6)
  4 ugly things (D:15)
  11 elephants
  43 black mambas
  2 ice statues (IceCv)
  A black mamba (shapeshifter) (D:13)
  6 guardian serpents
  5 smoke demons (Lair:6)
  15 naga magi
  A gargoyle (D:13)
  2 unseen horrors (D:11)
  A torpor snail (Lair:4)
  7 rime drakes
  7 cane toads
  A yaktaur (Volcano)
  7 komodo dragons
  2 guardian mummies (D:13)
  2 tengu conjurers
  An efreet (D:13)
  3 ancient zymes
  A troll (D:12)
  38 slime creatures
  6 hornets (Swamp:1)
  4 tyrant leeches
  4 polar bears
  21 blink frogs
  Prince Ribbit (Bailey)
  4 dream sheep (D:13)
  A jumping spider (shapeshifter) (Lair:6)
  16 small abominations
  A meliai zombie (D:10)
  3 wyverns
  5 wraiths
  9 spriggans
  4 water elementals
  Eustachio (D:6)
  A ynoxinul (Lair:6)
  72 yaks
  The ghost of Artemis2 the Covered, an amateur MiFi (D:4)
  7 basilisks
  7 fire bats (Volcano)
  9 golden eyes
  The ghost of drbro the Shield-Bearer, an amateur FoFi (D:3)
  A redback (shapeshifter) (D:13)
  29 humans
  A steam dragon (D:6)
  16 swamp worms
  Menkaure (D:6)
  4 vampire mosquitoes
  3 acid dragons
  41 nagas
  27 water moccasins
  Duvessa (D:7)
  6 black bears
  8 orc warriors
  5 swamp drakes (Swamp:4)
  2 sky beasts
  3 ogres
  A boggart (D:15)
  24 wolves
  9 centaurs
  3 kobold brigands
  21 bullfrogs
  A gnoll sergeant (D:12)
  A wyvern zombie (D:8)
  7 scorpions
  Dowan (D:7)
  6 killer bees (D:11)
  A lindwurm simulacrum (IceCv)
  4 wights (D:7)
  12 electric eels
  4 howler monkeys
  6 lava snakes (Volcano)
  9 komodo dragon simulacra (IceCv)
  A bullfrog zombie (D:5)
  4 orc priests
  13 jellies
  5 centaur zombies
  5 hounds
  Crazy Yiuf (D:6)
  A centaur skeleton (D:4)
  4 iguanas
  17 orc wizards
  3 scorpion simulacra (D:3)
  3 hound skeletons (D:4)
  A howler monkey zombie (D:9)
  5 gnolls
  A howler monkey skeleton (D:6)
  5 acid dragon simulacra (IceCv)
  16 adders
  A hound simulacrum (D:3)
  A shadow imp (D:5)
  A white imp (D:6)
  6 steam dragon simulacra (IceCv)
  3 ufetubi
  An adder skeleton (D:4)
  2 worms
  3 dart slugs
  An adder simulacrum (D:3)
  38 orcs
  13 ball pythons
  6 endoplasms
  8 giant cockroaches
  12 goblins
  8 hobgoblins
  16 jackals
  5 quokkas
  A ball python simulacrum (D:3)
  6 bats
  3 frilled lizards (D:3)
  25 kobolds
  3 rats
  A bush (Lair:5)
1064 creatures vanquished.

Vanquished Creatures (collateral kills)
  2 nagarajas (Snake:4)
  A naga ritualist (Snake:4)
  A salamander (Snake:4)
  A naga (Snake:4)
5 creatures vanquished.

Vanquished Creatures (others)
  An ugly thing (D:15)
  A rime drake (IceCv)
  2 bloated husks
  A naga (Snake:2)
  A swamp drake (Swamp:4)
  An orc priest (D:11)
  30 foxfires
  38 fungi
  43 plants
118 creatures vanquished.

Grand Total: 1187 creatures vanquished

Notes
Turn   | Place    | Note
-------+----------+-------------------------------------------
     0 | D:1      | Robocop the Hill Orc Fighter began the quest for the Orb.
     0 | D:1      | Reached XP level 1. HP: 19/19 MP: 1/1
    45 | D:1      | Reached skill level 3 in Axes
    46 | D:1      | Reached XP level 2. HP: 18/27 MP: 2/2
   241 | D:1      | Found a faded altar of an unknown god.
   515 | D:1      | Reached XP level 3. HP: 33/33 MP: 3/3
  1143 | D:2      | Reached skill level 4 in Axes
  1253 | D:2      | Reached XP level 4. HP: 32/40 MP: 4/4
  1422 | D:2      | Found Guegorer's Antique Armour Shoppe.
  1757 | D:3      | Found a runed translucent gate.
  1758 | D:3      | Found a runed translucent gate.
  1759 | D:3      | Found a runed translucent gate.
  2052 | D:3      | Noticed drbro's ghost (amateur FoFi)
  2269 | D:3      | Identified the +5 ring mail of Pessimism {Rampage rPois
                  | Str-5}
  2346 | D:3      | Reached XP level 5. HP: 26/47 MP: 5/5
  2647 | D:3      | Reached skill level 5 in Axes
  3135 | D:4      | Reached XP level 6. HP: 49/55 MP: 6/6
  3254 | D:4      | Found a transporter.
  3303 | D:4      | Reached skill level 5 in Fighting
  3303 | D:4      | Reached skill level 6 in Axes
  3502 | D:4      | Noticed a small abomination
  3502 | D:4      | Noticed a small abomination
  3505 | D:4      | Reached XP level 7. HP: 61/61 MP: 7/7
  3525 | D:4      | Noticed Artemis2's ghost (amateur MiFi)
  3540 | D:4      | Found a transporter.
  3858 | D:4      | Reached skill level 7 in Axes
  3858 | D:4      | Reached skill level 5 in Armour
  3864 | D:4      | Reached skill level 5 in Shields
  4281 | D:5      | Entered Level 5 of the Dungeon
  4348 | D:5      | Found a staircase to the Ecumenical Temple.
  4612 | D:5      | Reached XP level 8. HP: 64/70 MP: 8/8
  4708 | D:5      | Reached skill level 8 in Axes
  5080 | D:5      | Found Gafruiru's Assorted Antiques.
  5388 | Temple   | Entered the Ecumenical Temple
  5551 | Temple   | Became a worshipper of Trog the Wrathful
  5637 | D:3      | Reached skill level 9 in Axes
  5642 | D:3      | Killed drbro's ghost
  5751 | D:4      | Noticed an ancient zyme
  5774 | D:4      | Killed a small abomination
  5775 | D:4      | Reached XP level 9. HP: 15/78 MP: 9/9
  5782 | D:4      | Killed Artemis2's ghost
  5786 | D:4      | Killed an ancient zyme
  5787 | D:4      | Reached skill level 10 in Axes
  6301 | D:4      | Found a one-way gate to the infinite horrors of the Abyss.
  6359 | D:6      | Noticed Pikel
  6385 | D:6      | Killed Pikel
  6425 | D:6      | Found a runed translucent door.
  6426 | D:6      | Noticed Crazy Yiuf
  6487 | D:6      | Reached skill level 11 in Axes
  6812 | D:6      | Noticed Eustachio
  6870 | D:6      | Killed Eustachio
  6907 | D:6      | Noticed Menkaure
  6913 | D:6      | Killed Menkaure
  7047 | D:6      | Found Yczel's Antique Weapon Shop.
  7132 | D:6      | Reached XP level 10. HP: 88/88 MP: 10/10
  7223 | D:6      | Identified a scroll of acquirement
  7224 | D:6      | Acquired the +3 crystal plate armour of Somewhere Else
                  | {rPois Int-5 Dex+4}
  7324 | D:6      | Found a hide-covered altar of Uskayaw.
  7640 | D:6      | Killed Crazy Yiuf
  7732 | D:7      | Reached * piety under Trog
  7887 | D:7      | Reached skill level 12 in Axes
  8348 | D:7      | Noticed Dowan
  8349 | D:7      | Noticed Duvessa
  8353 | D:7      | Killed Duvessa
  8355 | D:7      | Killed Dowan
  8603 | D:8      | Found a staircase to the Lair.
  8805 | D:8      | Reached ** piety under Trog
  9178 | D:8      | Noticed a two-headed ogre
  9204 | D:8      | Killed a two-headed ogre
  9533 | D:9      | Found a flagged portal.
  9553 | Bailey   | Entered a bailey
  9565 | Bailey   | Reached skill level 13 in Axes
  9634 | Bailey   | Noticed a vault guard
  9649 | Bailey   | Killed a vault guard
  9650 | Bailey   | Reached XP level 11. HP: 65/99 MP: 11/11
  9804 | Bailey   | Noticed Prince Ribbit
  9804 | Bailey   | Noticed a vault guard
  9815 | Bailey   | Killed Prince Ribbit
  9829 | Bailey   | Killed a vault guard
  9830 | Bailey   | Reached skill level 14 in Axes
 10189 | D:9      | Reached *** piety under Trog
 10223 | D:9      | Identified the +6 plate armour of Dishonesty {Contam rN+
                  | Int+6 SInv}
 10382 | D:9      | Reached skill level 10 in Fighting
 10402 | D:9      | Noticed Erolcha
 10424 | D:9      | Killed Erolcha
 10540 | D:9      | Found a runed translucent door.
 10540 | D:9      | Noticed Artemis2's ghost (novice MfIE)
 10562 | D:9      | Killed Artemis2's ghost
 10896 | D:10     | Entered Level 10 of the Dungeon
 10957 | D:10     | Reached skill level 15 in Axes
 11085 | D:10     | Noticed Nergalle
 11099 | D:10     | Killed Nergalle
 11359 | D:10     | Reached XP level 12. HP: 108/108 MP: 12/12
 11363 | D:10     | Reached **** piety under Trog
 11364 | D:10     | Reached skill level 10 in Armour
 11364 | D:10     | Reached skill level 10 in Shields
 11764 | D:11     | Noticed a two-headed ogre
 11774 | D:11     | Killed a two-headed ogre
 11861 | D:11     | Found a blossoming altar of Fedhas.
 11890 | D:11     | Reached skill level 16 in Axes
 12166 | D:11     | Reached ***** piety under Trog
 12587 | D:11     | Identified the +6 war axe "Eggeys" {drain, Str-3 Int+5
                  | Dex+6 SInv}
 12824 | D:11     | Found a staircase to the Orcish Mines.
 12916 | D:12     | Found Iaejoh's Incredible Inventory.
 12922 | D:12     | Noticed a two-headed ogre
 12930 | D:12     | Killed a two-headed ogre
 13144 | D:12     | Found Leigenakk's Jewellery Shoppe.
 13346 | D:12     | Noticed a two-headed ogre
 13358 | D:12     | Killed a two-headed ogre
 13875 | D:13     | Reached skill level 17 in Axes
 13888 | D:13     | Noticed a six-headed hydra
 14192 | D:13     | Killed an 18-headed hydra
 14585 | Lair:1   | Entered Level 1 of the Lair of Beasts
 14704 | Lair:1   | Noticed Urug
 14716 | Lair:1   | Killed Urug
 14717 | Lair:1   | Reached XP level 13. HP: 109/118 MP: 13/13
 15324 | Lair:1   | Reached skill level 18 in Axes
 15558 | Lair:2   | Found a staircase to the Snake Pit.
 15575 | Lair:2   | Received a gift from Trog
 16093 | Lair:2   | Found a dark tunnel.
 16099 | Volcano  | Entered a volcano
 16399 | Volcano  | Found a bloodstained altar of Trog.
 16941 | Lair:3   | Reached skill level 19 in Axes
 17067 | Lair:3   | Reached XP level 14. HP: 112/129 MP: 14/14
 17866 | Lair:3   | Found the +8 whip "Snakebite" {venom, curare, rPois}
 18107 | Lair:4   | Acquired the +1 helmet "Hepang" {Regen+ Int+3 Slay+3
                  | Stlth-}
 18146 | Lair:4   | Reached ****** piety under Trog
 18249 | Lair:4   | Received a gift from Trog
 18494 | Lair:4   | Found a staircase to the Swamp.
 18688 | Lair:4   | Found a frozen archway.
 18694 | Lair:4   | Reached skill level 20 in Axes
 18701 | IceCv    | Entered an ice cave
 19172 | IceCv    | Found the ring of the Octopus King
 19210 | IceCv    | Identified a ring of the Octopus King {Fly AC+1 EV+1 Str+1
                  | Int+1 Dex+1}
 19546 | Lair:5   | Found a runed translucent door.
 19551 | Lair:5   | Noticed blade888's ghost (journeyman DEFE)
 19582 | Lair:5   | Found a radiant altar of Vehumet.
 19992 | Lair:5   | You fall into a shaft and drop 1 floor!
 19992 | Lair:6   | Entered Level 6 of the Lair of Beasts
 20057 | Lair:6   | Reached XP level 15. HP: 101/139 MP: 15/15
 20132 | Lair:6   | Acquired 951 gold pieces
 20151 | Lair:6   | Received a gift from Trog
 20345 | Lair:6   | Found a corrupted altar of Lugonu.
 20495 | Lair:6   | Reached skill level 15 in Fighting
 20726 | Lair:6   | Found a staircase to the Slime Pits.
 21187 | Slime:1  | Entered Level 1 of the Pits of Slime
 21377 | Lair:5   | Found the +9 scales of the Dragon King {rPois rF+ rC+
                  | Will+}
 21574 | Lair:5   | Killed blade888's ghost
 22095 | D:13     | Acquired the ring of the Sky {rPois Str+2 Slay+5}
 22321 | D:13     | Reached skill level 21 in Axes
 22569 | D:13     | Found a glowing golden altar of the Shining One.
 22636 | D:13     | Found a portal to a secret trove of treasure.
 23080 | D:14     | Received a gift from Trog
 23096 | D:14     | Found a gate to the Vaults.
 23167 | D:14     | Acquired a manual of Shields
 23386 | D:14     | Identified the +9 spear "Galuitri" {elec, Int+3}
 23401 | D:15     | Entered Level 15 of the Dungeon
 23467 | D:15     | Reached XP level 16. HP: 151/151 MP: 16/16
 23808 | Snake:1  | Entered Level 1 of the Snake Pit
 23823 | Snake:1  | Reached skill level 15 in Shields
 23887 | Snake:1  | Noticed Josephine
 23900 | Snake:1  | Killed Josephine
 23901 | Snake:1  | Reached skill level 15 in Armour
 24675 | Snake:2  | Reached skill level 22 in Axes
 25000 | Snake:2  | Identified the +3 hunting sling of Ointment {flame, rElec}
 25095 | Snake:2  | Received a gift from Trog
 25150 | Snake:2  | Identified Roxanne's Reference Book on Stones
 25150 | Snake:2  | Noticed Roxanne
 25174 | Snake:2  | Killed Roxanne
 26040 | Snake:3  | Found Meebeu's Merry Market.
 26196 | Snake:3  | Reached XP level 17. HP: 147/161 MP: 17/17
 26557 | Snake:4  | Entered Level 4 of the Snake Pit
 27243 | Snake:4  | Received a gift from Trog
 27543 | Snake:4  | Reached skill level 23 in Axes
 27850 | Snake:4  | Got a serpentine rune of Zot
 27940 | Snake:4  | Received a gift from Trog
 27971 | Snake:4  | Found a runed translucent door.
 27975 | Snake:4  | Noticed Venard's ghost (adept DgCj)
 28246 | Snake:4  | Killed Venard's ghost
 28484 | Swamp:1  | Entered Level 1 of the Swamp
 28525 | Swamp:1  | Noticed Donald
 28538 | Swamp:1  | Killed Donald
 28844 | Swamp:1  | Reached XP level 18. HP: 173/173 MP: 18/18
 29704 | Swamp:3  | Noticed Mara
 29716 | Swamp:3  | Killed Mara
 30148 | Swamp:4  | Entered Level 4 of the Swamp
 30516 | Swamp:4  | Noticed the 27-headed Lernaean hydra
 30531 | Swamp:4  | Killed the 19-headed Lernaean hydra
 30532 | Swamp:4  | Reached skill level 24 in Axes
 30538 | Swamp:4  | Received a gift from Trog
 30732 | Swamp:4  | Got a decaying rune of Zot
 31818 | Slime:4  | Gained mutation: You occasionally shout uncontrollably at
                  | your foes. [a shining eye]
 31821 | Slime:4  | Gained mutation: You are dopey. (Int -2) [a shining eye]
 31823 | Slime:4  | Reached XP level 19. HP: 183/183 MP: 19/19
 32287 | Slime:5  | Entered Level 5 of the Pits of Slime
 32320 | Slime:4  | Mangled by an acid blob

Illustrated notes

Levels and vault maps discovered:
D:1:      kennysheep_arrival_forest, layout_basic,
          chequers_ecumenical_altar_island
D:2:      layout_rooms, serial_shops, shop
D:3:      minmay_bubble_buster, layout_basic, gammafunk_ghost_icy
D:4:      minmay_thinvault, layout_basic, gammafunk_ghost_abyssal_escape,
          minmay_misc_feat_square
D:5:      minmay_recursive_quarters, layout_basic, temple_green, serial_shops,
          shop, kennysheep_decorative_pillar, hangedman_abyss_or_decor_stabs
D:6:      layout_loops_ring, mainiacjoe_overflow_alcove_1, serial_shops, shop,
          nrook_campfire, uniq_crazy_yiuf_cottage, uniq_menkaure, uniq_pikel,
          uniq_eustachio
D:7:      layout_gridville, uniq_duvessa
D:8:      layout_loops_corners, lair_entry_dummy
D:9:      layout_basic, hellmonk_ghost_happy_afterlife, enter_bailey_3,
          uniq_erolcha
D:10:     layout_cave_pools, uniq_nergalle
D:11:     layout_basic, erik_orc_2, fedhas_ov_isle_minmay
D:12:     hellmonk_ruined_rings, layout_rooms, serial_shops,
          nicolae_shop_advertising_works [nicolae_subvault_shop_adworks],
          nicolae_alphabet_shops, hangedman_glass_teeth
D:13:     slaughterhouse, layout_basic, nicolae_trove_entry_path_of_doom,
          nicolae_tso_swordbearing_angel
D:14:     layout_rooms, grunt_vaults_entry_tiered, infiniplex_staircase_star
D:15:     hangedman_depths_entry_civil_slaughter, layout_rooms, serial_shops,
          bzr_entry_gold, minmay_misc_feat_columns,
          nicolae_qazlal_eye_of_the_storm
Temple:   roderic_octagonal_lattice_temple
Lair:1:   layout_gridlike, grunt_megastairs_2, uniq_urug
Lair:2:   layout_chaotic_city, minmay_snake_entry_six_corridors, enter_volcano_2
Lair:3:   minmay_guarded_unrand_snakebite, layout_chaotic_city,
          grunt_megastairs_4
Lair:4:   layout_loops_ring, minmay_swamp_entry_worms, portal_ice_cave_rime,
          amcnicky_mini_pool_medium, lemuel_fruit_fields
Lair:5:   layout_small_grid, ebering_ghost_reflecting_pool, basic_altar,
          forest_entry_grove, grunt_megastairs_1
Lair:6:   hellmonk_lair_end_abyssal_woods, layout_loops_ring,
          minmay_slime_entry_jelly_boxes
Swamp:1:  layout_basic_swamp, serial_swamp_ruin, evilmike_swamp_ruin_rubble_2,
          hangedman_swamp_ruin_wall, uniq_donald
Swamp:2:  layout_falls_marsh, evilmike_swamp_ruin_rubble_1, swamp_pool4,
          infiniplex_staircase_pool
Swamp:3:  layout_falls_marsh, evilmike_swamp_ruin_house_5, uniq_mara
Swamp:4:  swamp_old_school, layout_basic_swamp
Snake:1:  layout_misc_corridors, drop_trap, nrook_guardian_serpent_ordinary,
          uniq_josephine
Snake:2:  layout_chambers, uniq_roxanne
Snake:3:  layout_misc_corridors, nicolae_alphabet_shops
Snake:4:  grunt_snake_rune_serpentine_throne, layout_chambers,
          ebering_ghost_inner_flame, grunt_ministairs_14
Slime:1:  layout_caves, basic_altar
Slime:2:  cheibrodos_slime_lost_civilization_2, layout_caves,
          cheibrodos_slime_lost_civilization_7
Slime:3:  layout_caves
Slime:4:  layout_caves
Slime:5

Skill      XL: |  1  2  3  4  5  6  7  8  9 10 11 12 13 14 15 16 17 18 |
---------------+-------------------------------------------------------+-----
Axes           | 3 4 5 6 7 9 11 13 15 17 19 20 21 22 23 24 | 24.5
Fighting       | 4 5 6 8 9 10 12 13 14 15 17 18 19 | 19.7
Armour         | 4 5 6 7 8 9 11 12 13 14 15 17 18 | 18.3
Shields        | 4 5 6 7 8 9 11 12 13 14 16 18 20 | 20.7

Action                   |  1- 3 |  4- 6 |  7- 9 | 10-12 | 13-15 | 16-18 | 19-21 || total
-------------------------+-------+-------+-------+-------+-------+-------+-------++-------
Melee: War axe           |    97 |   153 |    38 |    89 |   828 |   702 |    80 ||  1987
       Broad axe         |       |       |   309 |   520 |       |   183 |       ||  1012
Throw: Dart              |       |     3 |     3 |    13 |     9 |       |       ||    28
       Stone             |       |     2 |       |       |       |       |       ||     2
       Boomerang         |       |       |     4 |       |       |       |       ||     4
Evoke: Wand              |       |       |       |       |     3 |       |       ||     3
  Use: Scroll            |       |     4 |     3 |    12 |     9 |    19 |       ||    47
       Potion            |       |     3 |     2 |     1 |     1 |     5 |       ||    12
 Stab: Petrifying        |       |       |       |       |       |     2 |       ||     2
       Petrified         |       |       |       |       |       |     1 |       ||     1
       Distracted        |       |       |       |       |       |     2 |       ||     2
Armor: Scale mail        |    61 |    72 |    14 |       |       |       |       ||   147
       Ring mail         |       |       |   193 |       |       |       |       ||   193
       Crystal plate arm |       |       |       |   430 |   482 |       |       ||   912
       Gold dragon scale |       |       |       |       |   128 |   678 |    55 ||   861
Dodge: Dodged            |    62 |    59 |   171 |    89 |   112 |   177 |     8 ||   678
Block: Buckler           |    17 |    93 |   247 |   281 |       |       |       ||   638
       Reflection        |       |       |     2 |    13 |    35 |    90 |     2 ||   142
       Kite shield       |       |       |       |   112 |   815 |   950 |    75 ||  1952
